Map: Tuonela LE

Players

EpsToday - Winner!

  • Race: Terran Terran
  • Spawn Location: 9:00

Longos - Winner!

  • Race: Protoss Protoss
  • League: Master
  • Spawn Location: 12:00

Toasted - Winner!

  • Race: Protoss Protoss
  • League: Diamond
  • Spawn Location: 11:00

LoXoR - Winner!

  • Race: Zerg Zerg
  • League: Diamond
  • Spawn Location: 11:00

ĀĘŖŐ

  • Race: Terran Terran
  • League: Diamond
  • Spawn Location: 5:00

MessiaH

  • Race: Protoss Protoss
  • Spawn Location: 5:00

bernus

  • Race: Zerg Zerg
  • Spawn Location: 6:00

LingKing

  • Race: Terran Terran
  • League: Master
  • Spawn Location: 3:00

VOD

Have the link to the VOD?

Description

Time

  • Played on: Oct. 7, 2026, 2:29 p.m.
  • Length: 16:19
Show
View Real Time Build Order
Export as new Build Order

EpsToday Terran - Winner!

Build Orders:  

Get SALT Encoding   

  8  0:00  SCV  
  9  0:12  SCV  
  10  0:24  SCV  
  11  0:37  SCV  
  11  0:42  Supply Depot  
  12  0:49  SCV  
  13  1:03  SCV  
  14  1:14  Command Center  
  14  1:19  SCV  
  15  1:31  SCV  
  16  1:36  Barracks  
  16  1:40  Refinery  
  16  1:43  SCV  
  17  1:51  Refinery  
  17  1:55  SCV  
  18  2:09  SCV  
  19  2:26  Orbital Command  
  19  2:27  Orbital Command  
  19  2:40  Factory  
  19  2:52  SCV  
  19  2:56  Supply Depot, SCV  
  21  3:04  SCV  
  22  3:08  SCV  
  23  3:16  SCV  
  24  3:20  SCV  
  24  3:25  Starport  
  24  3:26  Factory Reactor  
  25  3:28  SCV  
  25  3:33  SCV  
  27  3:40  SCV  
  28  3:45  SCV, Refinery  
  29  3:52  SCV, Supply Depot  
  30  3:57  SCV  
  31  4:04  SCV  
  31  4:09  SCV, Command Center  
  33  4:11  Liberator x2  
  33  4:16  Supply Depot, SCV  
  40  4:21  SCV, Refinery  
  41  4:25  Armory  
  41  4:28  SCV  
  42  4:33  SCV  
  43  4:39  Supply Depot  
  43  4:40  SCV  
  43  4:45  SCV  
  45  4:47  Engineering Bay  
  45  4:53  SCV  
  45  4:54  Liberator  
  45  4:56  Liberator  
  45  4:57  SCV  
  53  5:05  SCV  
  54  5:09  SCV  
  54  5:12  Terran Ship Weapons Level 1  
  55  5:15  Missile Turret  
  55  5:17  SCV  
  55  5:21  Planetary Fortress  
  56  5:26  Missile Turret  
  56  5:29  SCV  
  56  5:30  SCV  
  58  5:37  Supply Depot  
  58  5:42  SCV x2  
  60  5:48  Liberator x2  
  66  5:51  Factory Reactor  
  66  5:54  SCV x2  
  66  5:57  Starport  
  68  5:58  SCV  
  68  6:00  Missile Turret  
  68  6:03  Supply Depot  
  69  6:06  Supply Depot, SCV x2  
  69  6:11  SCV  
  72  6:18  SCV x2, Armory  
  74  6:22  Refinery x2  
  74  6:23  SCV  
  75  6:30  SCV x2, Liberator  
  80  6:33  Missile Turret  
  80  6:35  SCV  
  81  6:42  SCV x2  
  83  6:47  SCV, Liberator x2  
  83  6:48  Liberator  
  93  6:54  SCV x2  
  93  6:59  SCV  
  96  7:04  Factory Reactor, Starport  
  96  7:06  SCV  
  96  7:07  Supply Depot  
  96  7:08  SCV, Supply Depot  
  98  7:10  Supply Depot  
  98  7:11  SCV  
  98  7:12  Missile Turret  
  98  7:13  Terran Ship Weapons Level 2  
  98  7:14  Terran Vehicle And Ship Armor Level 1  
  99  7:17  Liberator  
  99  7:18  SCV  
  103  7:29  SCV  
  104  7:31  Supply Depot  
  104  7:32  Supply Depot  
  104  7:33  Liberator x3  
  104  7:36  Command Center  
  114  7:37  SCV x2  
  115  7:52  Command Center  
  115  7:58  Liberator x2  
  115  8:00  Liberator  
  115  8:03  Missile Turret  
  124  8:06  Supply Depot  
  124  8:09  SCV  
  124  8:10  SCV x2, Supply Depot  
  127  8:15  Liberator  
  127  8:17  Liberator  
  133  8:22  Refinery  
  133  8:24  Refinery  
  132  8:28  Missile Turret  
  132  8:29  Liberator  
  132  8:30  Missile Turret  
  132  8:33  Supply Depot, SCV x2  
  132  8:34  Supply Depot  
  137  8:41  Liberator  
  137  8:43  SCV, Fusion Core  
  137  8:45  SCV  
  142  8:54  Liberator  
  145  9:03  Liberator x3  
  139  9:17  Liberator  
  139  9:24  Liberator  
  139  9:25  Planetary Fortress  
  139  9:28  Command Center  
  139  9:29  Command Center  
  142  9:35  Advanced Ballistics  
  142  9:37  Orbital Command  
  142  9:42  Liberator  
  145  9:45  Liberator  
  148  9:55  Liberator x2  
  154  10:02  Command Center  
  154  10:04  Command Center  
  154  10:13  Liberator x2  
  160  10:25  Liberator  
  160  10:28  SCV  
  155  10:35  Missile Turret  
  155  10:41  Liberator x2  
  149  10:44  Terran Vehicle And Ship Armor Level 2, Terran Ship Weapons Level 3  
  149  10:49  Orbital Command  
  122  10:58  Liberator  
  122  10:59  Liberator x2, Refinery  
  118  11:11  Liberator  
  118  11:16  Command Center  
  118  11:24  Liberator  
  117  11:28  Command Center x3  
  117  11:30  Liberator, Command Center  
  120  11:34  Command Center  
  120  11:39  Planetary Fortress  
  120  11:49  Refinery  
  120  11:50  Liberator x2  
  120  11:51  Liberator  
  120  11:53  Starport  
  120  11:54  Starport, Orbital Command x2  
  129  12:09  Liberator x2  
  129  12:12  Liberator  
  138  12:26  Missile Turret  
  138  12:29  SCV  
  140  12:33  Orbital Command, Liberator x2  
  145  12:38  Liberator  
  145  12:40  Starport Reactor  
  145  12:42  Starport Reactor  
  148  12:45  Orbital Command  
  148  12:46  Orbital Command x3, Missile Turret  
  148  12:49  Orbital Command  
  145  12:58  Liberator  
  145  12:59  Liberator x2  
  145  13:05  Missile Turret  
  145  13:16  Liberator x2  
  141  13:21  Liberator  
  141  13:25  Missile Turret  
  141  13:29  Liberator  
  141  13:30  Liberator x3  
  131  13:41  Liberator  
  131  13:42  Liberator x2  
  126  13:59  Liberator x2  
  132  14:04  Liberator  
  132  14:09  Command Center  
  135  14:10  Command Center  
  135  14:12  Liberator x2  
  135  14:13  Liberator  
  144  14:22  Liberator  
  147  14:24  Liberator  
  147  14:28  Liberator x2  
  156  14:37  Command Center x2  
  156  15:04  Liberator  
  156  15:05  Liberator x6  
  177  15:07  Liberator  
  177  15:11  Liberator  
  181  15:19  Liberator  
  157  15:51  Command Center x2  
Show
View Real Time Build Order
Export as new Build Order

Longos Protoss - Winner!

Build Orders: Zealot Archon, Archon Drop, Dark Templar Rush 

Get SALT Encoding   

  8  0:00  Probe (Chrono Boost)  
  9  0:12  Probe (Chrono Boost)  
  10  0:19  Probe (Chrono Boost)  
  11  0:26  Probe  
  12  0:32  Pylon  
  12  0:40  Probe  
  13  0:52  Probe  
  13  0:54  Gateway  
  14  1:04  Probe (Chrono Boost)  
  14  1:06  Assimilator  
  15  1:16  Assimilator, Probe (Chrono Boost)  
  16  1:22  Probe (Chrono Boost)  
  17  1:31  Probe  
  18  1:40  Cybernetics Core  
  18  1:43  Probe  
  19  1:50  Pylon  
  19  1:55  Probe  
  20  2:07  Probe  
  21  2:23  Nexus, Warp Gate (Chrono Boost)  
  21  2:38  Twilight Council  
  21  2:41  Probe  
  22  2:53  Probe  
  22  2:55  Robotics Facility  
  23  3:05  Probe  
  20  3:24  Shield Battery  
  20  3:35  Dark Shrine  
  20  3:38  Probe (Chrono Boost)  
  21  3:42  Probe (Chrono Boost)  
  23  3:49  Probe (Chrono Boost)  
  23  3:51  Probe (Chrono Boost)  
  23  3:54  Probe (Chrono Boost)  
  25  3:56  Probe (Chrono Boost)  
  26  4:04  Gateway  
  26  4:08  Probe  
  27  4:10  Probe  
  28  4:21  Warp Prism (Chrono Boost)  
  30  4:27  Probe  
  30  4:29  Probe  
  32  4:39  Probe, Pylon  
  32  4:41  Probe  
  34  4:46  Dark Templar  
  36  4:55  Dark Templar  
  36  4:58  Probe x2  
  40  5:02  Archon  
  40  5:06  Assimilator  
  40  5:07  Assimilator  
  40  5:10  Probe  
  40  5:11  Probe  
  42  5:14  Forge  
  42  5:20  Observer  
  43  5:23  Probe  
  43  5:26  Probe  
  45  5:41  Pylon  
  45  5:43  Dark Templar x2  
  45  5:46  Probe  
  50  5:59  Probe  
  49  6:12  Nexus  
  49  6:15  Photon Cannon  
  49  6:16  Photon Cannon  
  49  6:18  Dark Templar x2  
  53  6:20  Archon  
  53  6:23  Archon  
  53  6:24  Probe (Chrono Boost)  
  53  6:25  Probe (Chrono Boost)  
  51  6:30  Protoss Ground Weapons Level 1 (Chrono Boost)  
  51  6:36  Probe x2 (Chrono Boost)  
  53  6:41  Probe x2 (Chrono Boost)  
  53  6:42  Pylon  
  55  6:49  Pylon  
  55  6:51  Pylon, Probe x2  
  57  6:55  Observer  
  58  7:03  Probe  
  58  7:06  Dark Templar x2  
  58  7:08  Probe  
  64  7:10  Pylon  
  64  7:11  Archon  
  64  7:17  Probe (Chrono Boost)  
  64  7:22  Probe (Chrono Boost)  
  66  7:25  Forge, Probe (Chrono Boost)  
  66  7:29  Probe (Chrono Boost)  
  68  7:35  Probe (Chrono Boost)  
  68  7:36  Probe (Chrono Boost)  
  70  7:37  Gateway  
  70  7:39  Gateway  
  70  7:40  Probe x2 (Chrono Boost), Gateway  
  70  7:42  Gateway  
  72  7:44  Probe  
  72  7:49  Assimilator  
  72  7:50  Probe  
  74  7:52  Assimilator  
  74  7:53  Dark Templar  
  74  7:54  Dark Templar  
  78  7:58  Shield Battery  
  78  8:02  Probe x3  
  78  8:03  Archon  
  81  8:09  Observer  
  81  8:12  Protoss Ground Weapons Level 2 (Chrono Boost)  
  82  8:14  Probe x3, Protoss Shields Level 1 (Chrono Boost)  
  85  8:26  Probe x3  
  88  8:27  Observer  
  89  8:35  Dark Templar  
  89  8:36  Dark Templar  
  89  8:38  Probe  
  94  8:41  Archon  
  94  8:44  Dark Templar x4  
  102  8:49  Archon x2  
  94  9:21  Dark Templar x4  
  102  9:28  Pylon  
  102  9:29  Archon  
  102  9:30  Archon, Pylon  
  102  9:32  Pylon  
  102  9:34  Pylon  
  102  9:36  Pylon  
  102  9:37  Pylon  
  98  10:02  Dark Templar x3  
  98  10:03  Dark Templar x3  
  110  10:08  Archon x3  
  110  10:11  Protoss Shields Level 2 (Chrono Boost)  
  110  10:20  Nexus  
  110  10:21  Pylon  
  110  10:23  Assimilator  
  110  10:26  Assimilator  
  98  10:43  Protoss Ground Weapons Level 3 (Chrono Boost)  
  86  10:52  Probe x2  
  86  10:53  Probe  
  89  10:58  Photon Cannon, Dark Templar x5  
  89  10:59  Photon Cannon  
  89  11:01  Photon Cannon  
  89  11:02  Archon x2  
  89  11:03  Photon Cannon  
  99  11:04  Dark Templar, Probe  
  99  11:05  Probe, Photon Cannon  
  99  11:08  Photon Cannon  
  99  11:09  Photon Cannon, Archon  
  99  11:10  Photon Cannon  
  99  11:12  Shield Battery  
  99  11:15  Shield Battery  
  99  11:18  Pylon  
  99  11:37  Probe x2  
  99  11:38  Probe x2  
  103  11:49  Probe  
  103  11:50  Probe  
  105  11:57  Dark Templar x6  
  117  12:04  Archon x3  
  117  12:22  Protoss Shields Level 3 (Chrono Boost)  
  117  12:25  Nexus  
  117  12:26  Pylon  
  117  12:37  Dark Templar x5  
  117  12:39  Dark Templar  
  117  12:43  Archon  
  117  12:44  Archon x2  
  101  13:40  Dark Templar x4  
  101  13:41  Dark Templar x2  
  109  13:46  Assimilator  
  109  13:47  Archon x3  
  109  13:48  Assimilator  
  97  13:50  Photon Cannon  
  97  13:52  Photon Cannon  
  97  13:55  Photon Cannon  
  97  13:57  Photon Cannon  
  97  13:58  Photon Cannon  
  97  14:00  Photon Cannon  
  97  14:02  Photon Cannon  
  97  14:03  Protoss Ground Armor Level 1 (Chrono Boost), Photon Cannon  
  97  14:06  Shield Battery  
  97  14:07  Shield Battery  
  97  14:15  Dark Templar x2  
  97  14:16  Dark Templar x4  
  109  14:20  Gateway  
  109  14:21  Gateway  
  109  14:23  Archon  
  109  14:24  Archon x2  
  109  14:30  Pylon  
  93  15:07  Dark Templar x6  
  93  15:12  Pylon  
  105  15:14  Archon  
  105  15:15  Archon x2  
  97  15:30  Dark Templar x2  
  101  15:36  Archon  
  101  15:47  Photon Cannon  
  101  15:49  Photon Cannon  
  101  15:50  Photon Cannon  
  101  15:52  Photon Cannon  
  101  15:53  Photon Cannon x2  
  101  15:55  Photon Cannon  
  101  15:56  Photon Cannon  
  101  15:57  Photon Cannon  
  101  16:00  Shield Battery  
  101  16:03  Nexus  
  101  16:05  Dark Templar x8  
  101  16:06  Photon Cannon x2  
  101  16:08  Photon Cannon  
  101  16:09  Archon x4, Shield Battery  
  117  16:11  Pylon  
  117  16:13  Pylon  
Show
View Real Time Build Order
Export as new Build Order

Toasted Protoss - Winner!

Build Orders: Phoenix Opening, Mass Phoenix 

Get SALT Encoding   

  8  0:00  Probe  
  9  0:12  Probe  
  10  0:23  Pylon  
  10  0:29  Probe  
  11  0:41  Probe  
  12  0:52  Gateway  
  12  0:56  Probe (Chrono Boost)  
  13  1:06  Assimilator  
  13  1:10  Probe (Chrono Boost)  
  14  1:17  Probe (Chrono Boost)  
  15  1:25  Probe (Chrono Boost)  
  16  1:36  Probe (Chrono Boost)  
  17  1:41  Probe (Chrono Boost)  
  18  1:51  Probe  
  19  2:03  Probe  
  20  2:09  Nexus  
  20  2:20  Cybernetics Core  
  20  2:23  Probe  
  21  2:31  Pylon  
  21  2:40  Assimilator  
  21  2:46  Pylon  
  21  2:49  Probe  
  22  3:01  Probe  
  23  3:05  Stargate  
  23  3:09  Shield Battery  
  23  3:17  Stargate  
  23  3:22  Probe (Chrono Boost)  
  23  3:23  Probe (Chrono Boost)  
  25  3:32  Probe (Chrono Boost)  
  25  3:33  Probe (Chrono Boost)  
  27  3:37  Probe (Chrono Boost)  
  27  3:38  Probe (Chrono Boost)  
  29  3:48  Probe, Assimilator  
  30  3:50  Probe  
  30  3:53  Phoenix (Chrono Boost)  
  33  4:00  Probe  
  36  4:05  Probe  
  36  4:08  Phoenix (Chrono Boost)  
  37  4:12  Pylon  
  37  4:15  Phoenix (Chrono Boost)  
  39  4:19  Probe  
  39  4:22  Probe  
  41  4:27  Pylon  
  41  4:37  Phoenix (Chrono Boost)  
  45  4:39  Phoenix (Chrono Boost)  
  45  4:45  Shield Battery  
  45  4:46  Probe  
  46  4:56  Phoenix  
  48  5:06  Phoenix  
  50  5:09  Probe  
  50  5:10  Probe  
  50  5:13  Pylon  
  52  5:23  Phoenix  
  54  5:31  Phoenix  
  56  5:40  Assimilator  
  56  5:56  Forge  
  56  5:57  Phoenix (Chrono Boost)  
  56  5:58  Phoenix (Chrono Boost), Pylon  
  60  6:12  Probe x2  
  60  6:14  Fleet Beacon  
  62  6:20  Nexus  
  62  6:23  Pylon  
  62  6:24  Assimilator  
  62  6:26  Probe  
  62  6:27  Probe, Assimilator  
  64  6:33  Phoenix  
  64  6:38  Probe  
  64  6:39  Phoenix  
  69  6:46  Photon Cannon  
  69  6:54  Photon Cannon, Probe  
  69  6:55  Probe  
  69  6:58  Anion Pulse-Crystals (Chrono Boost)  
  71  7:06  Probe  
  72  7:17  Phoenix x2 (Chrono Boost)  
  72  7:21  Probe x2  
  76  7:28  Photon Cannon  
  76  7:32  Shield Battery  
  76  7:33  Probe  
  76  7:34  Probe  
  76  7:35  Phoenix (Chrono Boost)  
  80  7:46  Probe  
  80  7:47  Nexus  
  80  7:50  Probe x2  
  83  7:58  Probe  
  86  8:00  Phoenix (Chrono Boost)  
  86  8:03  Phoenix (Chrono Boost)  
  88  8:10  Probe x2  
  90  8:15  Probe  
  90  8:17  Phoenix  
  93  8:20  Pylon  
  93  8:22  Pylon  
  93  8:27  Phoenix  
  95  8:42  Phoenix  
  96  8:54  Probe  
  96  8:55  Probe  
  97  9:01  Assimilator  
  97  9:02  Assimilator  
  97  9:07  Probe x2  
  89  9:54  Phoenix (Chrono Boost)  
  89  9:55  Phoenix (Chrono Boost)  
  89  10:07  Protoss Air Weapons Level 1 (Chrono Boost)  
  87  10:17  Phoenix (Chrono Boost)  
  87  10:18  Phoenix (Chrono Boost)  
  91  10:24  Stargate  
  91  10:25  Stargate  
  91  10:30  Pylon  
  91  10:32  Pylon  
  91  10:34  Phoenix  
  91  10:35  Pylon  
  91  10:37  Pylon  
  91  10:39  Phoenix  
  93  10:59  Phoenix  
  93  11:00  Tempest x2  
  93  11:01  Tempest  
  107  11:14  Nexus, Tempest  
  107  11:16  Probe  
  107  11:17  Probe x2  
  110  11:18  Assimilator  
  110  11:20  Pylon  
  110  11:22  Pylon  
  110  11:23  Pylon  
  114  11:28  Probe  
  114  11:29  Probe x2  
  114  11:30  Protoss Shields Level 1  
  117  11:40  Tempest x3  
  117  11:41  Probe x3  
  132  11:51  Photon Cannon  
  132  11:52  Photon Cannon  
  132  11:53  Probe x3, Photon Cannon  
  135  11:57  Tempest, Photon Cannon  
  135  11:59  Photon Cannon  
  135  12:00  Photon Cannon x2  
  139  12:02  Photon Cannon  
  139  12:04  Photon Cannon  
  139  12:05  Probe  
  139  12:07  Photon Cannon  
  140  12:10  Protoss Air Weapons Level 2 (Chrono Boost)  
  140  12:11  Pylon  
  140  12:22  Tempest x2  
  140  12:29  Probe  
  149  12:40  Tempest x2  
  155  13:04  Tempest  
  159  13:06  Tempest  
  161  13:23  Tempest x2  
  167  13:47  Tempest  
  169  13:49  Tempest  
  173  14:06  Tempest  
  177  15:08  Tempest  
  177  15:11  Tempest  
  177  15:12  Tempest x2  
Show
View Real Time Build Order
Export as new Build Order

LoXoR Zerg - Winner!

Build Orders: Hatch First 

Get SALT Encoding   

  8  0:00  Drone  
  9  0:13  Drone  
  10  0:16  Drone  
  11  0:22  Drone  
  12  0:34  Overlord  
  12  0:54  Drone x3  
  15  1:14  Hatchery  
  14  1:19  Drone  
  15  1:26  Drone x2  
  17  1:40  Extractor  
  17  1:44  Spawning Pool  
  15  1:48  Drone  
  15  1:49  Drone  
  17  1:54  Drone  
  18  2:07  Drone  
  19  2:23  Overlord  
  19  2:26  Drone x2  
  21  2:30  Queen  
  23  2:40  Queen, Evolution Chamber  
  24  2:45  Metabolic Boost  
  24  2:52  Zergling x4  
  24  2:54  Zergling x2  
  24  2:58  Zergling x2  
  28  3:00  Zergling x2  
  30  3:05  Zergling x2  
  29  3:21  Zergling x6  
  29  3:23  Zerg Ground Armor Level 1  
  31  3:32  Drone x2  
  32  3:40  Overlord x2  
  32  3:47  Roach Warren  
  31  3:51  Drone  
  31  3:53  Overlord  
  32  3:59  Spore Crawler  
  32  4:00  Drone  
  32  4:08  Drone x2  
  34  4:14  Spore Crawler, Drone  
  34  4:15  Drone  
  35  4:24  Spine Crawler  
  34  4:25  Drone  
  34  4:28  Drone  
  34  4:30  Drone  
  37  4:34  Drone  
  37  4:35  Drone  
  39  4:48  Lair  
  39  4:51  Extractor, Zergling x6  
  40  4:53  Zergling x2  
  40  4:54  Zergling x2  
  40  4:59  Zergling x4  
  45  5:00  Zergling x2  
  45  5:04  Zergling x2  
  46  5:09  Zergling x6  
  46  5:11  Zergling x4  
  51  5:30  Drone x2  
  51  5:31  Drone  
  54  5:36  Zergling x4  
  56  5:43  Overlord x3  
  56  5:57  Overseer  
  56  6:03  Drone x4  
  56  6:04  Drone x3  
  63  6:06  Extractor  
  63  6:07  Extractor  
  63  6:08  Drone  
  63  6:09  Drone x3  
  65  6:30  Drone x3  
  68  6:38  Hatchery  
  67  6:41  Zergling x2  
  67  6:42  Zergling x14  
  67  6:44  Zerg Ground Armor Level 2  
  75  6:53  Infestation Pit  
  74  6:55  Queen  
  74  6:57  Zergling x4  
  74  6:58  Zergling x2  
  79  7:10  Drone  
  79  7:11  Drone  
  79  7:12  Drone  
  76  7:25  Baneling Nest  
  75  7:30  Drone x3  
  75  7:31  Drone x2  
  75  7:35  Drone  
  75  7:36  Overlord x3  
  76  7:38  Hive  
  76  7:42  Evolution Chamber  
  75  7:48  Drone x3  
  75  7:49  Drone, Queen, Extractor  
  75  7:51  Drone  
  81  7:55  Extractor  
  81  7:56  Spine Crawler  
  80  7:58  Drone x3  
  80  8:01  Drone x2  
  84  8:07  Drone  
  84  8:08  Drone  
  86  8:15  Drone x5  
  86  8:16  Drone  
  92  8:21  Drone  
  92  8:24  Drone x2  
  92  8:25  Drone x3  
  98  8:29  Zerg Melee Weapons Level 1  
  98  8:30  Overlord  
  98  8:34  Overlord x2  
  98  8:50  Overlord x2  
  98  8:51  Overlord x2, Ultralisk Cavern  
  98  8:52  Centrifugal Hooks  
  98  8:53  Zergling x6  
  100  9:01  Zergling x4  
  100  9:02  Zergling x4  
  104  9:06  Zergling x4  
  85  9:31  Zerg Ground Armor Level 3  
  85  9:33  Overlord x4  
  85  9:38  Anabolic Synthesis  
  85  9:39  Ultralisk x3  
  85  9:42  Ultralisk  
  109  9:50  Ultralisk  
  115  9:55  Ultralisk  
  127  10:00  Ultralisk  
  127  10:04  Drone x2  
  129  10:11  Ultralisk  
  135  10:20  Chitinous Plating  
  135  10:22  Zergling x4  
  135  10:23  Zergling x12  
  135  10:24  Zergling x2  
  144  10:30  Zergling x10  
  144  10:31  Zergling x2  
  144  10:35  Zergling x8  
  154  10:43  Zergling x10  
  154  10:46  Zergling x2  
  160  10:50  Zergling x2  
  160  10:53  Zergling x2  
  160  10:54  Zergling x4  
  160  10:55  Zergling x2  
  162  11:01  Zergling x2  
  162  11:03  Zergling x2  
  162  11:08  Zergling x8  
  166  11:12  Zergling x2  
  166  11:14  Zergling x4  
  158  11:20  Zergling x4  
  158  11:21  Zergling x2  
  158  11:22  Zergling x2  
  158  11:25  Zergling x4  
  161  11:32  Zergling x2  
  148  11:38  Zergling x4  
  149  11:41  Zergling x2  
  150  11:47  Zerg Missile Weapons Level 1  
  150  11:48  Hydralisk Den  
  150  11:52  Zergling x4  
  150  11:53  Zergling x4, Evolution Chamber  
  152  11:58  Zergling x2  
  152  11:59  Zergling x4  
  152  12:01  Zergling x4  
  157  12:07  Zerg Melee Weapons Level 2  
  157  12:08  Zergling x2  
  158  12:10  Zergling x2  
  158  12:14  Zergling x4  
  161  12:19  Zergling x2  
  161  12:20  Zergling x4  
  161  12:21  Zergling x2  
  164  12:25  Zergling x4  
  166  12:33  Zergling x4  
  164  12:38  Hydralisk  
  162  12:46  Baneling x2  
  162  12:49  Zergling x6  
  162  12:50  Zergling x6  
  162  12:55  Zergling x2  
  162  12:56  Zergling x2  
  162  12:57  Zergling x2  
  143  13:00  Zergling x2  
  133  13:05  Zergling x2  
  133  13:07  Zergling x2  
  111  13:13  Zergling x4  
  111  13:15  Zergling x4  
  111  13:16  Zergling x2  
  97  13:25  Hydralisk x3  
  102  13:29  Hydralisk  
  102  13:30  Hydralisk  
  106  13:34  Spire, Glial Reconstitution  
  106  13:36  Roach  
  107  13:43  Roach x3  
  113  13:49  Hydralisk  
  113  13:50  Hydralisk  
  113  13:55  Muscular Augments, Hydralisk  
  117  13:59  Hydralisk x2  
  117  14:00  Hydralisk x2  
  117  14:02  Pneumatized Carapace  
  127  14:08  Hydralisk x4  
  127  14:09  Hydralisk  
  137  14:12  Hatchery  
  137  14:13  Viper x2  
  142  14:18  Viper  
  142  14:21  Adrenal Glands  
  142  14:22  Viper x2  
  151  14:26  Viper x3  
  151  14:27  Viper  
  163  14:35  Drone x2  
  163  14:36  Drone x2  
  167  14:42  Viper  
  170  14:47  Zergling x8  
  170  14:48  Zergling x2  
  175  14:59  Grooved Spines  
  175  15:01  Hydralisk x3  
  175  15:02  Hydralisk x2  
  185  15:09  Overlord x4  
  185  15:18  Extractor  
  185  15:20  Extractor  
  183  15:26  Drone x3  
  183  15:27  Drone x3  
  189  15:28  Drone  
  189  15:29  Queen  
  189  15:33  Hydralisk x4  
Show
View Real Time Build Order
Export as new Build Order

ĀĘŖŐ Terran 

Build Orders: Reaper Expand 

Get SALT Encoding   

  8  0:00  SCV  
  9  0:12  SCV  
  10  0:25  SCV  
  11  0:28  Supply Depot  
  11  0:37  SCV  
  12  0:49  SCV  
  13  0:54  Barracks  
  13  1:01  Refinery  
  13  1:07  SCV  
  14  1:20  SCV  
  15  1:32  SCV  
  16  1:44  Orbital Command  
  16  1:45  Reaper  
  17  2:06  Command Center  
  17  2:10  SCV  
  18  2:19  Barracks Reactor  
  19  2:22  SCV  
  19  2:31  Barracks  
  19  2:35  SCV  
  20  2:40  Supply Depot  
  20  2:47  SCV  
  21  2:58  Barracks  
  21  3:03  SCV  
  22  3:15  SCV  
  22  3:19  Marine x2  
  25  3:20  Barracks Tech Lab  
  25  3:22  Orbital Command  
  25  3:37  SCV  
  25  3:39  Engineering Bay  
  26  3:42  Stimpack  
  26  3:43  Marine x3  
  26  3:47  Barracks Tech Lab  
  29  3:48  SCV  
  29  3:50  SCV  
  31  4:00  Marine x2  
  31  4:01  SCV  
  34  4:02  Supply Depot  
  34  4:07  SCV  
  34  4:08  Combat Shield  
  35  4:11  Terran Infantry Weapons Level 1  
  35  4:14  SCV  
  36  4:17  Marine x2  
  36  4:19  SCV  
  36  4:21  Marine x2  
  41  4:30  SCV  
  41  4:31  SCV  
  43  4:42  SCV, Supply Depot  
  43  4:43  Marine, Command Center  
  43  4:45  Marine  
  46  4:46  Marine  
  46  4:48  SCV  
  46  4:51  Marine  
  49  4:54  SCV  
  49  4:57  Missile Turret  
  50  5:01  Missile Turret  
  50  5:04  Marine, SCV  
  50  5:06  SCV  
  53  5:09  Marine  
  54  5:16  Refinery, SCV  
  54  5:19  Missile Turret  
  54  5:20  Factory  
  55  5:24  Marauder  
  55  5:25  SCV  
  58  5:37  Refinery  
  58  5:38  Refinery  
  58  5:54  Missile Turret  
  58  5:55  Marine x2, SCV x2, Sensor Tower  
  62  5:57  Marine x2  
  64  6:07  SCV x2, Orbital Command  
  64  6:11  Factory Tech Lab, Starport  
  66  6:13  Marine, Terran Infantry Armor Level 1  
  67  6:19  SCV  
  67  6:23  SCV  
  67  6:24  Marauder  
  71  6:29  Supply Depot  
  71  6:31  Marine, SCV, Marauder  
  71  6:32  Siege Tank, Armory  
  78  6:33  SCV  
  79  6:45  Supply Depot  
  79  6:46  Supply Depot  
  79  6:48  Starport Reactor  
  79  6:49  Engineering Bay  
  79  6:50  Marine, SCV x2  
  79  6:51  SCV  
  83  6:59  Supply Depot  
  83  7:02  SCV x2  
  83  7:03  Supply Depot  
  83  7:04  SCV  
  83  7:07  Marine x2  
  88  7:13  Missile Turret  
  88  7:14  SCV x2  
  90  7:16  SCV, Missile Turret  
  90  7:18  Siege Tank  
  90  7:19  Marine x2  
  96  7:26  Supply Depot  
  96  7:27  Marine  
  96  7:28  Marine, Supply Depot  
  98  7:42  Command Center, SCV x3  
  101  7:49  Barracks  
  101  7:53  Barracks  
  101  7:54  Terran Infantry Weapons Level 2, SCV x2  
  101  7:56  Barracks  
  103  7:59  Siege Tank  
  103  8:00  SCV  
  103  8:04  Supply Depot  
  107  8:06  SCV  
  107  8:08  Medivac x2  
  107  8:09  Terran Infantry Armor Level 2  
  112  8:13  Marauder x2  
  112  8:19  SCV  
  117  8:21  Refinery x2, SCV, Supply Depot  
  117  8:26  Supply Depot  
  118  8:27  SCV, Supply Depot  
  118  8:30  Supply Depot  
  119  8:35  Marine x3  
  119  8:36  Siege Tank  
  119  8:37  SCV  
  125  8:48  Marine  
  125  8:52  Medivac x2, Marine  
  125  8:53  Marine x2, Terran Vehicle Weapons Level 1  
  121  9:12  Marine x4  
  121  9:13  Siege Tank  
  120  9:24  Barracks Tech Lab, Barracks Reactor  
  120  9:25  Barracks Tech Lab  
  120  9:27  Barracks  
  120  9:30  Marine x3, Barracks  
  114  9:37  Marine  
  114  9:38  Medivac x2  
  110  9:48  Marine  
  110  9:49  Marine  
  110  9:50  Marine, Marauder x2  
  107  9:55  Marine  
  107  9:59  Thor  
  107  10:01  SCV x3  
  107  10:05  Missile Turret x2  
  107  10:06  Marine  
  111  10:07  Marine x2  
  111  10:10  Medivac x2  
  111  10:11  Marine x2  
  111  10:12  Marine  
  111  10:13  SCV x3, Terran Infantry Weapons Level 3  
  121  10:14  Marine x2  
  117  10:23  Marine  
  117  10:25  SCV, Marine  
  117  10:26  Marauder  
  116  10:29  Marauder x2  
  116  10:30  Marine  
  116  10:32  Marine x2  
  105  10:41  Marine  
  102  10:43  Marine  
  102  10:47  Marauder  
  102  10:49  Marauder  
  99  10:50  Marine, Marauder x2  
  99  10:52  Marine  
  99  10:53  Siege Tank  
  99  10:56  Orbital Command  
  99  10:59  Marine  
  99  11:01  Marine  
  93  11:05  Medivac  
  93  11:06  Medivac  
  93  11:08  Marine  
  93  11:09  Marauder, Marine  
  93  11:10  Marauder  
  103  11:11  Marine  
  103  11:12  Marauder  
  103  11:17  Marine  
  107  11:19  Marine  
  108  11:26  Marine  
  108  11:27  Marine  
  108  11:30  Marauder x2  
  108  11:31  Marine  
  115  11:33  Marine, SCV x3  
  115  11:35  Marine  
  115  11:39  Marine, Siege Tank  
  124  11:45  SCV x2  
  124  11:46  SCV  
  127  11:57  SCV x2  
  127  11:58  SCV  
  127  11:59  Marauder x4, Marine  
  139  12:07  Marine  
  139  12:08  Marine x2  
  142  12:09  Medivac x2  
  146  12:17  Marine  
  146  12:20  Marauder  
  149  12:24  SCV x2  
  149  12:25  Marauder  
  149  12:26  Marauder x2, Marine  
  149  12:27  Marine x2  
  149  12:28  Siege Tank  
  163  12:35  Marine  
  164  12:41  Marauder  
  166  12:44  Marine  
  166  12:48  Marine x2  
  166  12:50  Marine  
  167  12:53  Marauder  
  167  12:54  Medivac  
  167  12:56  Medivac  
  137  13:06  Marine x2, Marauder x2  
  137  13:10  Marine x2, Marauder  
  131  13:14  Marauder  
  111  13:24  Marine x2  
  106  13:27  Marine  
  106  13:28  Marauder, Marine x2  
  106  13:31  Command Center  
  106  13:33  Marine  
  106  13:35  Thor, Marine  
  106  13:37  Viking x2  
  106  13:38  Terran Infantry Armor Level 3  
  117  13:42  Marine x2  
  117  13:45  Marine  
  117  13:46  Marine  
  116  13:50  Marauder  
  116  13:52  Marauder  
  116  13:54  Marauder  
  122  14:00  Marine x3  
  125  14:03  Marauder  
  125  14:04  Marine  
  128  14:11  Marauder  
  128  14:13  Marauder  
  128  14:14  Marine  
  133  14:17  Marine  
  133  14:18  Marine x2  
  133  14:20  Command Center  
  133  14:21  Marine  
  137  14:24  Marine  
  137  14:27  Viking x2  
  135  14:32  Marine x2  
  135  14:34  Marine  
  135  14:35  Marine x2  
  135  14:38  Marine  
  141  14:39  Marine, Thor  
  141  14:42  Marine  
  149  14:50  Marine x2  
  149  14:52  Marine  
  131  15:03  Marine x3  
  131  15:04  Marine x2  
  126  15:08  Marine x2  
  126  15:10  Marine  
  109  15:15  Viking x2  
  109  15:21  Marine x5  
  105  15:25  Marine  
  105  15:26  Marine  
  105  15:27  Marine  
  101  15:39  Marine x5  
  109  15:47  Marine  
  109  15:48  Marine x2  
  109  15:49  Medivac  
  114  15:57  Marine x3  
Show
View Real Time Build Order
Export as new Build Order

MessiaH Protoss 

Build Orders: Phoenix Opening, Carriers, Mass Phoenix 

Get SALT Encoding   

  8  0:00  Probe  
  9  0:13  Probe  
  10  0:24  Pylon  
  10  0:29  Probe  
  11  0:41  Probe  
  12  0:52  Gateway  
  12  0:54  Probe  
  13  1:06  Assimilator, Probe  
  14  1:19  Probe  
  15  1:31  Probe (Chrono Boost)  
  16  1:33  Assimilator  
  16  1:43  Probe (Chrono Boost)  
  16  1:45  Cybernetics Core  
  17  1:49  Probe (Chrono Boost)  
  17  1:52  Pylon  
  18  1:57  Probe  
  19  2:09  Probe  
  20  2:46  Nexus  
  20  2:48  Stargate  
  20  2:58  Stargate  
  20  3:02  Probe (Chrono Boost)  
  22  3:14  Probe (Chrono Boost)  
  22  3:24  Forge  
  22  3:26  Pylon  
  22  3:30  Probe  
  23  3:47  Phoenix  
  25  3:51  Pylon, Probe  
  26  4:03  Probe  
  26  4:07  Phoenix  
  29  4:15  Probe  
  30  4:28  Photon Cannon  
  30  4:32  Photon Cannon  
  30  4:40  Phoenix  
  30  4:42  Probe x2  
  34  4:54  Probe  
  35  5:03  Phoenix (Chrono Boost)  
  35  5:05  Phoenix (Chrono Boost)  
  37  5:13  Pylon  
  37  5:19  Pylon, Phoenix (Chrono Boost)  
  37  5:20  Probe  
  40  5:29  Phoenix  
  42  5:36  Stargate  
  42  5:43  Photon Cannon  
  42  5:56  Phoenix  
  44  6:16  Photon Cannon, Probe (Chrono Boost)  
  46  6:22  Probe (Chrono Boost), Phoenix  
  49  6:26  Probe (Chrono Boost)  
  49  6:30  Probe (Chrono Boost)  
  49  6:31  Probe (Chrono Boost)  
  50  6:35  Fleet Beacon  
  51  6:40  Probe  
  52  6:52  Nexus  
  52  6:53  Probe  
  53  6:54  Assimilator  
  53  6:57  Assimilator  
  53  7:14  Phoenix x2  
  51  7:27  Assimilator  
  51  7:29  Assimilator  
  51  7:39  Anion Pulse-Crystals (Chrono Boost)  
  51  7:50  Probe (Chrono Boost)  
  52  7:52  Probe (Chrono Boost)  
  53  8:03  Probe (Chrono Boost)  
  53  8:05  Probe (Chrono Boost), Phoenix  
  56  8:09  Probe (Chrono Boost)  
  56  8:10  Probe x2 (Chrono Boost)  
  60  8:16  Probe x2, Phoenix x2  
  60  8:19  Probe  
  63  8:23  Protoss Air Weapons Level 1 (Chrono Boost)  
  67  8:28  Probe x2  
  67  8:31  Probe  
  70  8:40  Probe x2  
  74  8:43  Probe  
  75  8:52  Probe  
  75  8:53  Probe  
  75  8:55  Probe  
  80  8:59  Carrier x2 (Chrono Boost)  
  86  9:05  Probe  
  86  9:08  Probe  
  84  9:12  Carrier (Chrono Boost)  
  76  9:17  Probe  
  76  9:20  Probe  
  78  9:57  Carrier (Chrono Boost)  
  78  9:59  Photon Cannon  
  84  10:00  Photon Cannon  
  84  10:01  Carrier (Chrono Boost)  
  81  10:09  Pylon  
  74  10:16  Carrier (Chrono Boost)  
  73  10:40  Probe x2  
  73  10:41  Photon Cannon  
  75  10:43  Photon Cannon  
  75  10:45  Pylon  
  75  10:47  Pylon  
  75  10:52  Probe x2  
  75  10:54  Carrier (Chrono Boost)  
  76  11:00  Carrier (Chrono Boost)  
  76  11:04  Probe  
  95  11:22  Carrier (Chrono Boost)  
  83  11:58  Nexus  
  83  11:59  Photon Cannon  
  83  12:00  Photon Cannon  
  83  12:01  Pylon, Photon Cannon  
  83  12:03  Pylon  
  82  12:21  Probe x2  
  82  12:22  Carrier  
  90  12:31  Photon Cannon  
  90  12:32  Photon Cannon  
  90  12:34  Photon Cannon  
  90  12:39  Protoss Air Weapons Level 2 (Chrono Boost)  
  90  12:57  Photon Cannon  
  90  12:58  Photon Cannon  
  90  13:10  Probe x2  
  92  13:22  Probe x2  
  96  13:34  Probe x2  
  96  13:40  Carrier x2 (Chrono Boost)  
  90  13:46  Probe  
  103  14:20  Pylon  
  103  14:21  Pylon  
  103  14:37  Tempest  
  103  14:38  Probe x3  
  110  14:46  Pylon  
  110  14:48  Pylon  
  110  14:50  Probe x3  
  113  15:02  Probe x3  
  113  15:03  Tempest x2  
  112  15:20  Tempest  
  110  15:39  Photon Cannon  
Show
View Real Time Build Order
Export as new Build Order

bernus Zerg 

Build Orders: Hatch First, Lurkers 

Get SALT Encoding   

  8  0:00  Drone  
  9  0:11  Drone  
  10  0:18  Drone  
  11  0:23  Drone  
  12  0:33  Overlord  
  12  0:42  Extractor, Drone  
  13  0:51  Drone  
  13  0:52  Drone  
  15  1:02  Drone  
  16  1:15  Hatchery  
  15  1:19  Drone  
  15  1:23  Extractor, Drone  
  16  1:31  Drone  
  17  1:42  Spawning Pool  
  17  1:46  Drone  
  17  1:52  Drone  
  18  2:02  Drone  
  19  2:10  Overlord  
  19  2:20  Drone  
  20  2:28  Queen  
  20  2:29  Queen  
  24  2:35  Metabolic Boost  
  24  2:39  Zergling x2  
  24  2:42  Drone  
  26  2:46  Drone  
  27  2:52  Drone  
  27  2:54  Drone  
  29  3:03  Drone  
  29  3:04  Burrow  
  30  3:07  Overlord  
  30  3:14  Drone x2  
  32  3:30  Drone x5  
  32  3:31  Baneling Nest  
  36  3:37  Overlord  
  36  3:48  Extractor  
  35  3:49  Extractor  
  35  3:50  Zergling x12  
  40  3:57  Drone  
  40  4:01  Overlord  
  41  4:22  Spore Crawler, Drone x9  
  49  4:24  Lair  
  49  4:34  Drone x2  
  51  4:40  Overlord  
  51  4:47  Overlord  
  51  4:56  Zergling x6  
  54  5:10  Overlord  
  54  5:13  Hatchery  
  53  5:18  Zergling x10, Queen  
  57  5:32  Drone x2, Overseer  
  57  5:35  Baneling x3  
  59  5:41  Drone  
  59  5:42  Drone  
  61  5:43  Spore Crawler  
  61  5:45  Spore Crawler, Drone x3  
  63  6:00  Baneling  
  63  6:04  Zergling x14  
  67  6:05  Drone x19  
  62  6:20  Queen  
  62  6:25  Overlord  
  64  6:26  Queen  
  64  6:29  Drone x2  
  64  6:31  Evolution Chamber  
  64  6:32  Evolution Chamber  
  66  6:33  Infestation Pit  
  66  6:34  Spore Crawler  
  66  6:35  Baneling x2  
  66  6:37  Drone x2  
  65  6:41  Drone x2  
  67  6:50  Hydralisk Den  
  62  7:06  Drone x4  
  62  7:07  Drone x3  
  61  7:09  Spore Crawler  
  61  7:11  Spore Crawler  
  61  7:12  Zergling x2  
  61  7:13  Zergling x6  
  60  7:19  Grooved Spines  
  60  7:22  Zerg Missile Weapons Level 1  
  59  7:30  Spore Crawler  
  59  7:34  Hive  
  59  7:35  Zerg Ground Armor Level 1  
  58  7:39  Drone  
  58  7:40  Drone x2  
  58  7:42  Spore Crawler  
  60  7:47  Drone x3  
  60  7:48  Drone x2  
  60  7:50  Extractor  
  60  7:51  Drone x2  
  66  7:53  Drone  
  67  8:01  Drone x5  
  67  8:04  Baneling x4  
  72  8:11  Muscular Augments  
  72  8:17  Extractor  
  72  8:19  Extractor  
  70  8:37  Drone x4  
  70  8:38  Drone x2  
  75  8:57  Overlord x4  
  75  8:59  Hatchery  
  74  9:07  Overlord x7  
  74  9:12  Drone x7  
  74  9:17  Viper x7  
  95  9:28  Lurker Den  
  94  9:37  Zergling x22  
  104  9:46  Hydralisk  
  104  9:48  Evolution Chamber  
  104  9:50  Zerg Missile Weapons Level 2, Zerg Ground Armor Level 2  
  105  9:54  Zergling x2  
  105  9:55  Zergling x10  
  108  10:06  Hydralisk x3  
  114  10:10  Overlord  
  114  10:11  Hydralisk  
  112  10:36  Hydralisk x11  
  123  10:48  Queen  
  116  10:51  Zergling x18  
  105  11:06  Adaptive Talons  
  88  11:13  Unknown  
  87  11:18  Hydralisk x4  
  99  11:38  Lurker x2  
  99  11:39  Lurker  
  98  11:40  Hatchery  
  95  11:54  Lurker  
  95  11:55  Lurker x3  
  95  11:56  Lurker  
  100  12:02  Spore Crawler  
  100  12:03  Seismic Spines, Hydralisk  
  100  12:05  Drone x5  
  100  12:06  Drone x6  
  112  12:16  Hydralisk x2  
  108  12:34  Hydralisk x2  
  108  12:35  Lurker  
  108  12:36  Lurker  
  96  13:18  Hydralisk x6  
  96  13:19  Hydralisk x5  
  118  13:23  Queen  
  118  13:24  Spore Crawler  
  119  13:39  Hydralisk x6, Zergling x2  
  115  13:53  Viper  
  110  13:59  Spore Crawler  
  110  14:01  Spore Crawler  
  96  14:14  Hydralisk  
  96  14:15  Hydralisk x5  
  105  14:22  Drone x18  
  104  14:37  Hatchery  
  103  14:42  Hydralisk x2  
  107  14:56  Zergling x2  
  107  14:57  Zergling x2  
  109  15:14  Drone x5  
  95  15:22  Hatchery  
  94  15:31  Hydralisk  
  94  15:32  Hydralisk x10  
  110  15:49  Hydralisk x2  
  102  16:01  Extractor  
  102  16:03  Extractor  
Show
View Real Time Build Order
Export as new Build Order

LingKing Terran 

Build Orders: Reaper Expand 

Get SALT Encoding   

  8  0:00  SCV  
  9  0:12  SCV  
  10  0:25  SCV  
  11  0:29  Supply Depot  
  11  0:37  SCV  
  12  0:49  SCV  
  13  0:55  Barracks  
  13  1:02  Refinery  
  13  1:07  SCV  
  14  1:19  SCV  
  15  1:31  SCV  
  16  1:43  Orbital Command  
  16  1:44  Reaper  
  17  2:04  Command Center  
  17  2:08  SCV  
  18  2:21  Supply Depot  
  18  2:22  SCV  
  19  2:35  SCV, Factory  
  20  2:39  Barracks Reactor  
  20  2:51  SCV  
  21  3:12  SCV  
  23  3:21  Orbital Command  
  23  3:24  SCV  
  23  3:29  Command Center  
  23  3:33  Hellion x2  
  26  3:42  Refinery  
  26  3:44  Factory  
  26  3:47  SCV  
  27  3:49  SCV  
  28  3:57  Hellion  
  28  4:01  Hellion  
  32  4:06  Barracks Tech Lab  
  32  4:07  SCV x2  
  34  4:20  Hellion  
  34  4:21  SCV x2  
  34  4:22  Hellion  
  40  4:27  Supply Depot  
  40  4:34  Factory  
  40  4:35  Barracks Tech Lab, Infernal Pre-Igniter  
  40  4:39  SCV x2  
  40  4:45  Orbital Command  
  42  4:51  SCV x2  
  44  4:54  Cyclone  
  47  5:00  Engineering Bay  
  47  5:06  SCV x2  
  49  5:11  Refinery  
  49  5:13  Refinery  
  49  5:15  SCV  
  49  5:18  SCV  
  51  5:23  SCV  
  51  5:26  Cyclone  
  51  5:28  Cyclone  
  58  5:33  Missile Turret  
  58  5:38  Missile Turret  
  58  5:41  SCV x2  
  60  5:49  Mag-Field Accelerator  
  60  5:50  SCV  
  60  5:53  SCV  
  60  5:56  Supply Depot  
  62  6:03  SCV  
  63  6:18  Cyclone x2  
  69  6:19  Supply Depot  
  69  6:21  Armory  
  69  6:28  SCV, Armory  
  70  6:41  SCV x3  
  70  6:42  Supply Depot  
  70  6:45  Hi-Sec Auto Tracking  
  73  6:52  Command Center  
  75  6:54  Hellion x2  
  75  7:00  SCV x2  
  79  7:03  Cyclone x2, SCV  
  86  7:12  SCV  
  86  7:13  Terran Vehicle Weapons Level 1  
  86  7:15  Terran Vehicle And Ship Armor Level 1  
  87  7:25  Missile Turret x2  
  87  7:27  Missile Turret  
  87  7:28  Missile Turret  
  87  7:32  Missile Turret  
  87  7:42  Missile Turret  
  87  7:48  Missile Turret  
  87  7:53  Supply Depot  
  87  7:55  Supply Depot  
  87  7:58  Factory  
  87  8:04  Factory, SCV x3, Cyclone x2, Hellion x2, Refinery  
  100  8:06  Missile Turret  
  100  8:11  Refinery  
  100  8:15  Planetary Fortress  
  100  8:16  SCV  
  101  8:25  Hellion  
  103  8:33  SCV x3  
  106  8:41  Factory  
  106  8:43  Factory  
  106  8:45  SCV  
  88  9:10  Factory Tech Lab, Factory Reactor  
  88  9:17  Thor x2  
  70  9:18  Hellion x2  
  70  9:24  Terran Vehicle Weapons Level 2, Terran Vehicle And Ship Armor Level 2  
  74  9:39  Factory Tech Lab x2  
  74  9:42  Command Center, Thor  
  74  9:44  Widow Mine  
  74  9:45  Widow Mine  
  84  9:46  Drilling Claws  
  84  9:50  Neosteel Armor  
  80  10:02  Thor  
  86  10:09  Widow Mine  
  86  10:10  Widow Mine x2  
  92  10:19  Thor  
  98  10:23  SCV x4  
  102  10:31  Supply Depot  
  102  10:33  Supply Depot  
  102  10:41  Thor  
  106  10:52  Thor  
  106  10:55  Missile Turret  
  111  11:04  Thor  
  117  11:14  Thor  
  97  11:22  Refinery  
  95  11:29  Planetary Fortress  
  95  11:31  Thor  
  93  11:41  Thor  
  93  11:43  Hellion  
  93  11:44  Hellion x3  
  103  11:53  Thor  
  113  12:01  Hellion x2  
  113  12:14  Thor  
  119  12:16  Refinery  
  119  12:22  Thor  
  122  12:28  Supply Depot  
  113  12:34  Thor  
  119  12:42  Command Center  
  119  12:43  Command Center  
  91  13:06  Thor x2  
  71  13:28  Thor  
  71  13:31  Hellion x4  
  85  13:40  Thor  
  85  14:00  Thor  
  85  14:02  Command Center, Hellion x4  
  99  14:09  Refinery  
  99  14:15  Refinery  
  99  14:28  Planetary Fortress  
  99  14:44  Thor  
  65  15:01  Thor  
  71  15:08  Hellion x4  
  79  15:24  Thor  
  85  15:40  Planetary Fortress  
Tags
 
Add a new tag
Caveats
  • Supply blocks, unpowered buildings, or Contaminate may cause inaccurate times.
  • Supply counts are checked every 10 seconds.